 Dungeon Crawl Stone Soup version 0.27.1 (webtiles) character file.

Game seed: 4294426710353330800

2717 ABBCCCDDDD the Tainter (level 9, -5/62 HPs)
             Began as an Octopode Delver on Sept 3, 2021.
             Was a Follower of Sif Muna.
             Slain by a wyvern (13 damage)
             ... on level 8 of the Dungeon.
             The game lasted 00:22:22 (11519 turns).

ABBCCCDDDD the Tainter (Octopode Delver)           Turns: 11519, Time: 00:22:23

Health: -5/62      AC:  1    Str: 11    XL:     9   Next: 66%
Magic:  8/13       EV: 28    Int: 16    God:    Sif Muna [*.....]
Gold:   348        SH:  0    Dex: 13    Spells: 9/14 levels left

rFire    + . .     SeeInvis .     - Unarmed
rCold    . . .     Faith    .   (no shield)
rNeg     . . .     Spirit   .   (helmet restricted)
rPois    .         Reflect  .   g - amulet of the acrobat
rElec    .         Harm     .   q - ring of protection from fire
rCorr    .         Rampage  .   (no ring)
Will     .....                  (no ring)
Stlth    ++++......             (no ring)
HPRegen  0.20/turn              (no ring)
MPRegen  0.13/turn              (no ring)
                                (no ring)
                                (no ring)

@: acrobatic
A: almost no armour, amphibious, 8 rings, camouflage 1, gelatinous body 1,
(nimble swimmer 1), tentacles
a: Renounce Religion, Channel Magic


You were on level 8 of the Dungeon.
You worshipped Sif Muna.
Sif Muna was aware of your devotion.
You visited 1 branch of the dungeon, and saw 8 of its levels.

You collected 348 gold pieces.

Inventory:

Hand Weapons
 E - the +7 short sword "Zumoenuo" {vorpal, rC+ Str+4 Int+3}
   (You took it off a gnoll on level 7 of the Dungeon)

   It inflicts extra damage upon your enemies.
   Str:       It affects your strength (+4).
   Int:       It affects your intelligence (+3).
   rC:        It protects you from cold.
Missiles
 l - 298 stones
 p - 5 boomerangs (quivered)
 y - 7 curare-tipped darts
 A - 6 datura-tipped darts
Jewellery
 g - an amulet of the acrobat (around mantle)
 q - a ring of protection from fire (left tentacle)
Wands
 e - a wand of digging (2)
 D - a wand of charming (9)
 F - a wand of polymorph (6)
Scrolls
 a - a scroll of fog
 b - a scroll of magic mapping
 c - 2 scrolls of fear
 h - 2 scrolls of enchant armour
 k - a scroll of brand weapon
 o - 2 scrolls of amnesia
 r - a scroll of vulnerability
 t - a scroll of torment
 u - a scroll of enchant weapon
 v - a scroll of immolation
 w - 2 scrolls of teleportation
Potions
 d - 2 potions of haste
 i - 5 potions of curing
 j - a potion of attraction {unknown}
 m - 2 potions of lignification {unknown}
 n - a potion of cancellation {unknown}
 s - a potion of berserk rage {unknown}
 x - a potion of flight {unknown}
 z - a potion of invisibility {unknown}
 B - 2 potions of brilliance {unknown}
 C - 2 potions of degeneration {unknown}


   Skills:
 - Level 6.0 Fighting
 - Level 2.0 Dodging
 - Level 6.6 Stealth
 + Level 6.3 Unarmed Combat
 - Level 3.0 Spellcasting
 + Level 4.2 Transmutations
 + Level 3.2 Air Magic
 + Level 3.2 Earth Magic
 - Level 8.0 Poison Magic


You had 9 spell levels left.
You knew the following spells:

 Your Spells              Type           Power      Damage    Failure   Level
a - Sting                 Tmut/Pois      88%        1d7       1%          1
b - Poisonous Vapours     Pois/Air       40%        N/A       2%          2
c - Passwall              Tmut/Erth      11%        N/A       6%          2

Your spell library contained the following spells:

 Spells                   Type           Power      Damage    Failure   Level
 Olgreb's Toxic Radiance  Pois           28%        N/A       7%          4
 Swiftness                Air            12%        N/A       14%         3
 Foxfire                  Conj/Fire      8%         2x1d4     19%         1
 Freeze                   Ice            8%         1d3       19%         1
 Summon Lightning Spire   Summ/Air       7%         N/A       67%         4
 Invisibility             Hex            1%         N/A       100%        6
 Storm Form               Tmut/Air       7%         N/A       100%        7
 Maxwell's Capacitive Co  Air            6%         ∞         100%        8


Dungeon Overview and Level Annotations

Branches:
Dungeon (8/15)
 Temple: D:4-7         Lair: D:8-11

Altars:
Sif Muna
Trog
Uskayaw

Shops:
D:2 (


Innate Abilities, Weirdness & Mutations

You cannot wear most types of armour.
You are amphibious.
You can wear up to eight rings at the same time.
Your skin changes colour to match your surroundings (Stealth+).
Your rubbery body absorbs attacks. (AC +1, EV +1)
((You are camouflaged near water. (Stealth+)))
You have tentacles for arms and can constrict up to eight enemies at once.


Message History

Aiming: Sting (safe; 1% risk of failure)
Press: ? - help, Shift-Dir - straight line, f - wyvern
Aim: a wyvern (wandering, hasn't noticed you, 76% to hit)
The sting misses the wyvern.
The wyvern hisses angrily.
Casting: Sting (safe; 1% risk of failure)
Confirm with . or Enter, or press ? or * to list all spells.
Aiming: Poisonous Vapours (safe; 2% risk of failure)
Press: ? - help, Dir - move target, f/p - wyvern
Aim: a wyvern Poisonous vapours surround the wyvern!
The wyvern is poisoned.
The wyvern bites you!
You barely miss the wyvern. The wyvern bites you!
You tentacle-slap the wyvern.
The wyvern is lightly wounded.
The wyvern closely misses you. x2
You closely miss the wyvern. You squeeze the wyvern!
The wyvern is heavily wounded.
The wyvern bites you.
You closely miss the wyvern.
The wyvern is heavily wounded.
The wyvern bites you!!
* * * LOW HITPOINT WARNING * * *
You feel better. The wyvern misses you. The wyvern barely misses you.
Casting: Poisonous Vapours (safe; 2% risk of failure)
Confirm with . or Enter, or press ? or * to list all spells.
Aiming: Poisonous Vapours (safe; 2% risk of failure)
Press: ? - help, Dir - move target, f/p - wyvern
Aim: a wyvern (severely wounded, very poisoned)
Okay, then.
You closely miss the wyvern.
The wyvern is severely wounded.
The wyvern barely misses you.
You tentacle-slap the wyvern.
You squeeze the wyvern, but do no damage.
The wyvern is severely wounded.
The wyvern bites you!!
* * * LOW HITPOINT WARNING * * *
The wyvern bites you!
You die...

###...##...............
#......................
#####.................. .
#.###.............. #8
#.# #...o.......... ##F##
#.# ###............
......#.# #)####.......
......#.#####.####.#.####
........@l.).....#.#...
........#####)##.#<#.....
......#........# ###.....
..... #.####.#.# .....
.#.# #.. #.#.# ..... #
### #.#.# ....[ ..#.#
..... ####.#


You could see a wyvern (very poisoned).

Levels and vault maps discovered:
D:1:      matt_arrival_grand_opening, layout_loops_ring, minmay_misc_feat_cross
D:2:      minmay_razor_zed, layout_basic, serial_shops,
          nicolae_shop_overgrown_old_shop, ebering_ecumenical_altar_rust
D:3:      layout_loops_ring, trog_wizard, mainiacjoe_overflow_small_starburst,
          kennysheep_generic_room_11, uniq_natasha
D:4:      layout_loops_cross, nicolae_sif_muna_little_library, uniq_eustachio
D:5:      layout_cave_pools, grunt_ministairs_11, minivault_24,
          minmay_misc_feat_ornament
D:6:      layout_rooms, minmay_curled_crystal, hangedman_decor_lopped
D:7:      layout_gridville, minmay_temple_entry_mist
D:8:      layout_basic, grunt_ministairs_8, uniq_erica

Notes
Turn   | Place    | Note
-------+----------+-------------------------------------------
     0 | D:5      | ABBCCCDDDD the Octopode Delver began the quest for the Orb.
     0 | D:5      | Reached XP level 1. HP: 16/16 MP: 1/1
    77 | D:4      | Noticed an orc priest
   220 | D:2      | Found Taed's Antique Weapon Emporium.
   245 | D:2      | Found a faded altar of an unknown god.
   280 | D:2      | Reached XP level 2. HP: 21/21 MP: 2/2
   486 | D:1      | Reached XP level 3. HP: 16/26 MP: 3/3
  1648 | D:2      | Reached XP level 4. HP: 12/31 MP: 4/4
  2872 | D:2      | Reached skill level 5 in Unarmed Combat
  2875 | D:2      | Reached XP level 5. HP: 31/36 MP: 5/5
  3241 | D:3      | Found a hide-covered altar of Uskayaw.
  3787 | D:3      | Noticed Natasha
  3798 | D:3      | Killed Natasha
  3877 | D:3      | Learned a level 1 spell: Sting
  3880 | D:3      | Learned a level 2 spell: Poisonous Vapours
  3918 | D:3      | Noticed Natasha
  3931 | D:3      | Killed Natasha
  3932 | D:3      | Reached skill level 1 in Poison Magic
  4088 | D:3      | Found a bloodstained altar of Trog.
  4089 | D:3      | Noticed a wizard
  4095 | D:3      | Killed a wizard
  4366 | D:4      | Reached skill level 1 in Spellcasting
  4366 | D:4      | Reached XP level 6. HP: 38/42 MP: 7/7
  4377 | D:4      | Reached skill level 2 in Poison Magic
  4592 | D:4      | Noticed Eustachio
  4693 | D:4      | Reached skill level 3 in Poison Magic
  5200 | D:5      | Noticed a necrophage
  5224 | D:5      | Killed a necrophage
  5225 | D:5      | Reached skill level 4 in Poison Magic
  5304 | D:5      | Reached skill level 5 in Poison Magic
  5304 | D:5      | Reached XP level 7. HP: 30/46 MP: 8/8
  5613 | D:5      | Reached skill level 6 in Poison Magic
  6276 | D:5      | Reached skill level 1 in Air Magic
  7013 | D:4      | Reached XP level 8. HP: 54/54 MP: 2/10
  7380 | D:4      | Killed Eustachio
  7381 | D:4      | Reached skill level 1 in Transmutations
  7573 | D:4      | Reached skill level 7 in Poison Magic
  7783 | D:4      | Found a shimmering blue altar of Sif Muna.
  7821 | D:4      | Became a worshipper of Sif Muna the Loreminder
  8300 | D:4      | Got Sif Muna's Catalogue of Flames
  8302 | D:4      | Got Sif Muna's Catalogue of the Glacier
  8785 | D:6      | Learned a level 2 spell: Passwall
  8832 | D:6      | Reached skill level 5 in Fighting
  9075 | D:6      | Reached skill level 1 in Earth Magic
  9240 | D:6      | Reached XP level 9. HP: 56/61 MP: 6/13
  9578 | D:6      | Reached skill level 8 in Poison Magic
 10156 | D:7      | Reached * piety under Sif Muna
 10340 | D:7      | Identified the +7 short sword "Zumoenuo" {vorpal, rC+ Str+4
                  | Int+3}
 11519 | D:8      | Slain by a wyvern

Table legend: (Time is in decaauts)
 A = Elapsed time spent in this place.
 B = Non-inter-level travel time spent in this place.
 C = Inter-level travel time spent in this place.
 D = Time resting spent in this place.
 E = Time spent auto-exploring this place.
 F = Levels seen in this place.
 G = Mean time per level.
                   A        B        C        D        E       F      G
               +--------+--------+--------+--------+--------+-----+--------+
         Total |  11500 |  11178 |    322 |   5384 |   3718 |   8 | 1437.5 |
       Dungeon |  11500 |  11178 |    322 |   5384 |   3718 |   8 | 1437.5 |
               +--------+--------+--------+--------+--------+-----+--------+

Top non-repeatable levels by time:
     D:4: 2149 daAuts
     D:5: 1970 daAuts
     D:2: 1686 daAuts
     D:1: 1466 daAuts
     D:6: 1462 daAuts
     D:3: 1367 daAuts
     D:7: 1096 daAuts
     D:8: 301 daAuts

Table legend:
 A = Kills in this place as a percentage of kills in entire the game.
 B = Kills by you in this place as a percentage of kills by you in the entire game.
 C = Kills by friends in this place as a percentage of kills by friends in the entire game.
 D = Other kills in this place as a percentage of other kills in the entire game.
 E = Experience gained in this place as a percentage of experience gained in the entire game.
 F = Experience gained in this place divided by the number of levels of this place that you have seen.
                   A       B       C       D       E      F
               +-------+-------+-------+-------+-------+----------------------
         Total | 100.0 | 100.0 | 100.0 |   N/A | 100.0 | 485.2
       Dungeon | 100.0 | 100.0 | 100.0 |   N/A | 100.0 | 485.2
               +-------+-------+-------+-------+-------+----------------------

Action                   |  1- 3 |  4- 6 |  7- 9 || total
-------------------------+-------+-------+-------++-------
Melee: Unarmed           |    73 |   153 |   181 ||   407
       Tentacles         |    11 |    36 |    39 ||    86
       Constrict         |    15 |    46 |    34 ||    95
       Punch             |     2 |     1 |     6 ||     9
Throw: Stone             |       |     3 |     1 ||     4
       Boomerang         |       |       |    20 ||    20
       Dart              |       |       |     1 ||     1
 Cast: Poisonous Vapours |       |       |    78 ||    78
       Sting             |       |       |    43 ||    43
Evoke: Wand              |       |       |     3 ||     3
  Use: Scroll            |       |       |    11 ||    11
       Potion            |       |       |     1 ||     1
 Stab: Sleeping          |    15 |    12 |     9 ||    36
Armor: Skin              |     3 |     6 |    10 ||    19
Dodge: Dodged            |    42 |    77 |   161 ||   280

Vanquished Creatures
  Eustachio (D:4)
  A water moccasin (D:7)
  2 orc warriors
  A black bear (D:5)
  A necrophage (D:5)
  A sky beast (D:6)
  3 ogres
  A centaur (D:5)
  4 bullfrogs
  A scorpion (D:5)
  3 killer bees (D:7)
  A bullfrog zombie (D:5)
  2 centaur zombies
  3 jellies
  9 orc priests
  A hound (D:6)
  3 centaur skeletons
  A gnoll shaman (D:4)
  A scorpion zombie (D:5)
  Natasha (twice) (D:3)
  2 iguanas
  3 orc wizards
  A hound skeleton (D:5)
  A howler monkey zombie (D:5)
  9 gnolls
  A howler monkey skeleton (D:5)
  13 adders
  A shadow imp (D:6)
  A white imp (D:5)
  2 ufetubi
  An adder skeleton (D:4)
  2 worms
  5 dart slugs
  20 orcs
  An endoplasm (D:2)
  7 giant cockroaches
  6 goblins
  8 hobgoblins
  8 jackals
  7 quokkas
  7 ball pythons
  5 bats
  2 frilled lizards
  12 kobolds
  A rat (D:1)
168 creatures vanquished.

Vanquished Creatures (collateral kills)
  A killer bee (D:7)
  A gnoll shaman (D:7)
2 creatures vanquished.

Vanquished Creatures (others)
  A wizard (D:3)
  A killer bee (D:7)
2 creatures vanquished.

Grand Total: 172 creatures vanquished
